Cogmind - Beta 15 @@@ ROGUE MODE // 2025.10.09 @ 07:13:18 Player: shapeshifter Result: Destroyed by X-77 Beamer with Gatling Laser Performance ------------- Evolutions (6) 3000 Regions Visited (17) 3400 Robots Destroyed (132) 660 Value Destroyed (4499) 4499 Prototype IDs (44) 880 Alien Tech Used (0) 0 Bonus (1356) 1356 TOTAL SCORE: 13795 Bonus ------- High Alert Combat Kills 64 Follower Combat Kills 692 Aligned with FarCom 300 Met Data Miner 300 Cogmind --------- Core Integrity 0/1150 Matter 109/300 Energy 30/100 System Corruption 15% Temperature Cool (12) Movement Core (50) Location -4/Armory Parts ------- > --- POWER (2) -------- (None) > --- PROPULSION (7) --- (None) > --- UTILITY (7) ------ Experimental Optical Array > --- WEAPON (3) ------- (None) > --- INVENTORY (5) ---- Advanced Energy Well (0) Precision Energy Filter Enhanced Nova Cannon PL-3XN's Ring of Power Peak State ------------ > --- POWER ------------ Improved Deuterium Engine Light Fission Core > --- PROPULSION ------- Advanced Myomer Leg Advanced Myomer Leg Advanced Myomer Leg Potential Leg Potential Leg > --- UTILITY ---------- Huge Storage Unit Experimental Optical Array Modified TNC Improved Propulsion Shielding Shield Generator Experimental Hacking Suite Sensor Drone Bay > --- WEAPON ----------- Cooled Phase Gun Cooled Phase Gun Missile Launcher > --- INVENTORY -------- Cooled Aerolev Unit Cooled Aerolev Unit Cooled Aerolev Unit Cooled Aerolev Unit Cooled Aerolev Unit Cooled Aerolev Unit Linear Gravjet High-capacity Storage Unit Experimental Optical Array Improved Weapon Cycler Improved Core Shielding Advanced Shield Generator System Shield Improved Heavy Laser Improved Heavy Laser Compact Ion Cannon Plasma Cutter Master Tearclaws PL-3XN's Ring of Power [Rating: 119] Favorites ----------- Power Deuterium Engine Engine Deuterium Engine Power Core Neutrino Core Reactor Light Antimatter Reactor Propulsion Advanced Myomer Leg Treads Light Treads Leg Advanced Myomer Leg Wheel Wheel Hover Unit Cooled Aerolev Unit Utility Huge Storage Unit Device Sensor Drone Bay Storage Huge Storage Unit Processor Modified TNC Hackware Experimental Hacking Suite Protection Medium Armor Plating Weapon Cooled Particle Cannon Energy Gun Heavy EM Pulse Gun Energy Cannon Cooled Particle Cannon Ballistic Gun Minigun Launcher Missile Launcher Slashing Weapon Longsword +1 Build | -11 -10 -10 -10 -9 -8 -7 -7 -7 -7 -6 -6 -5 -5 -4 -4 -4 -4 ------- Run | Yrd Mat Min Exi Min Mat Fac Low Low Dat Pro Fac Fac Ext Fac Was Fac Arm Slots Evolved 12 | . . . . . 4 2 . . . . 2 2 . 2 . . . Power 1 | . . . . . . . . . . . . 1 . . . . . Propulsion 5 | . . . . . 1 1 . . . . . 1 . 2 . . . Utility 5 | . . . . . 3 . . . . . 2 . . . . . . Weapon 1 | . . . . . . 1 . . . . . . . . . . . Parts Attached 162 | 7 4 5 1 . 26 37 1 4 1 . 2 4 32 9 1 22 6 Power 16 | 1 . 1 . . . 3 1 1 . . . 1 5 1 1 1 . Engine 7 | 1 . 1 . . . 2 1 . . . . . 1 . 1 . . Core 8 | . . . . . . 1 . 1 . . . 1 4 1 . . . Reactor 1 | . . . . . . . . . . . . . . . . 1 . Propulsion 61 | 2 . 2 . . 6 11 . . . . . 1 15 6 . 13 5 Treads 4 | 2 . . . . 1 1 . . . . . . . . . . . Leg 16 | . . . . . . 5 . . . . . 1 9 1 . . . Wheel 11 | . . 2 . . 5 4 . . . . . . . . . . . Hover 30 | . . . . . . 1 . . . . . . 6 5 . 13 5 Flight . | . . . . . . . . . . . . . . . . . . Utility 49 | 2 2 . 1 . 13 8 . 3 1 . 2 1 8 2 . 6 . Device 18 | 1 . . . . 5 1 . 1 . . 1 . 4 1 . 4 . Storage 5 | 1 1 . 1 . . . . . . . . . 1 1 . . . Processor 6 | . . . . . 1 1 . . . . 1 . 1 . . 2 . Hackware 6 | . . . . . 1 4 . . . . . . 1 . . . . Protection 14 | . 1 . . . 6 2 . 2 1 . . 1 1 . . . . Artifact . | . . . . . . . . . . . . . . . . . . Weapon 36 | 2 2 2 . . 7 15 . . . . . 1 4 . . 2 1 Energy Gun 15 | . 2 2 . . 1 6 . . . . . 1 3 . . . . Energy Cannon 7 | . . . . . . 5 . . . . . . . . . 1 1 Ballistic Gun 11 | 2 . . . . 6 2 . . . . . . 1 . . . . Ballistic Cannon . | . . . . . . . . . . . . . . . . . . Launcher 1 | . . . . . . 1 . . . . . . . . . . . Special Weapon . | . . . . . . . . . . . . . . . . . . Impact Weapon . | . . . . . . . . . . . . . . . . . . Slashing Weapon 2 | . . . . . . 1 . . . . . . . . . 1 . Piercing Weapon . | . . . . . . . . . . . . . . . . . . Special Melee Weapon . | . . . . . . . . . . . . . . . . . . Unidentified Prototypes 12 | . . . . . 2 7 . . . . 1 . . 2 . . . Corrupted Parts 2 | . . . . . . . . . . . . . 2 . . . . System Corruption 16 | . . . . . . . . . . . . . 16 . . . . Parts Lost 70 | . . 1 . . 1 5 . . . . 5 8 19 6 . 16 9 Power 11 | . . . . . . 1 . . . . 1 2 3 1 . 3 . Propulsion 33 | . . . . . 1 2 . . . . . . 9 3 . 10 8 Utility 14 | . . . . . . . . . . . 3 3 4 1 . 2 1 Weapon 12 | . . 1 . . . 2 . . . . 1 3 3 1 . 1 . Highest Loss Streak 11 | . . 1 . . 1 3 . . . . 3 7 10 6 . 11 6 To Critical Strikes 4 | . . . . . . . . . . . . . 2 . . 1 1 Average Backups 19 | 4 11 14 19 22 24 23 23 23 23 23 20 18 15 13 11 13 13 Power 1 | . 1 1 3 4 . . 1 1 1 1 . . . 1 1 . . Propulsion 4 | 1 2 1 . 2 2 5 7 7 7 7 7 6 7 6 2 3 . Utility 8 | . 5 8 10 12 13 10 7 7 7 7 5 5 3 3 3 5 5 Weapon 4 | . 3 3 5 4 7 6 7 6 6 6 6 4 2 . 1 1 5 Tool/Special . | . . . . . . . . . . . . . . . . . . Unused Backups 42 | . 4 3 . . 14 8 . 2 . . . . 1 . . . 10 Power 5 | . . . . . 4 . . 1 . . . . . . . . . Propulsion 5 | . . . . . . 4 . . . . . . . . . . 1 Utility 17 | . 2 . . . 9 3 . 1 . . . . . . . . 2 Weapon 12 | . 2 3 . . 1 1 . . . . . . . . . . 5 Tool/Special 3 | . . . . . . . . . . . . . 1 . . . 2 Average Slot Usage (%) 92 | . 99 99 71 100 95 96 99 100 100 100 91 88 70 83 72 73 45 Engine 8 | . 14 14 14 14 9 6 7 6 . . 4 5 . 3 4 2 . Core 1 | . . . . . . . . . 7 7 1 2 4 3 2 2 . Treads 5 | . 28 22 . . . . . . . . . . . . . . . Leg 10 | . . . . . . 9 30 30 30 30 26 28 20 9 . . . Wheel 9 | . . 5 28 28 23 17 . . . . . . . . . . . Hover 2 | . . . . . . . . . . . . . 4 23 36 34 18 Device 5 | . 12 . . . 7 5 6 7 7 6 5 6 6 5 3 5 7 Storage 9 | . 14 14 14 14 9 7 7 7 7 7 6 5 5 5 9 10 7 Processor 6 | . . . . . 8 11 7 7 7 7 12 10 7 10 10 10 10 Hackware 3 | . . . . . 7 4 7 7 7 7 6 5 7 5 . . . Protection 7 | . 1 14 14 14 10 7 6 7 7 7 11 4 2 1 . . . Energy Gun 9 | . 15 27 . 28 5 7 . . . . . 6 6 8 . . . Energy Cannon 5 | . . . . . . 9 23 18 23 21 14 5 . 5 5 4 1 Ballistic Gun 3 | . 12 . . . 11 4 . . . . . . 1 . . . . Peak Build Rating 119 | 8 12 15 19 20 39 89 92 93 89 94 105 119 100 108 89 104 94 Average Rating 50 | 5 9 13 12 19 31 58 91 90 88 93 95 107 77 86 83 88 61 On Entrance 57 | . 8 12 11 19 20 33 87 92 88 89 94 84 81 79 68 84 91 Naked Turns . | . . . . . . . . . . . . . . . . . . Heaviest Build 133 | 14 38 42 102 102 104 123 133 133 118 130 130 133 103 104 78 73 63 Greatest Support 150 | 40 40 40 20 20 30 120 120 120 120 120 120 150 120 76 81 78 71 Greatest Overweight (x) 14 | . . 2 5 5 5 5 1 1 . 1 1 . 2 1 . 1 14 Average Overweight (x) 1 | . . . 3 5 3 1 1 . . . . . . . . . . Largest Inventory Capacity 25 | 8 15 15 25 25 25 25 25 25 25 25 25 25 25 20 20 20 20 Average Capacity 21 | 7 14 15 24 25 25 25 25 25 25 25 25 25 22 20 20 20 17 Most Carried 25 | 7 15 15 23 23 25 25 25 25 25 25 25 23 20 17 14 20 20 Average Carried 20 | 4 11 14 19 22 24 24 24 24 25 25 22 20 17 15 12 16 15 Final Capacity 25 | 8 15 15 25 25 25 25 25 25 25 25 25 25 20 20 20 20 5 Final Carried 25 | 6 15 15 21 23 24 25 25 25 25 25 23 21 18 15 13 20 4 Class Distribution -------------------- 47% | Mutant 20% | Tank 11% | Gunner 9% | Scavenger-Mutant 4% | Sprinter 3% | Hacker-Mutant Dominant Class ---------------- Mutant | -10/Materials Mutant | -10/Mines Mutant | -10/Exiles Mutant | -9/Mines Scavenger-Mutant | -8/Materials Gunner | -7/Factory Tank | -7/Lower Caves Tank | -7/Lower Caves Tank | -7/Data Miner Tank | -6/Proximity Caves Mutant | -6/Factory Tank | -5/Factory Hacker-Mutant | -5/Extension Scavenger-Sprinter | -4/Factory Sprinter | -4/Waste Sprinter | -4/Factory Sprinter | -4/Armory Resources | -11 -10 -10 -10 -9 -8 -7 -7 -7 -7 -6 -6 -5 -5 -4 -4 -4 -4 ----------- Run | Yrd Mat Min Exi Min Mat Fac Low Low Dat Pro Fac Fac Ext Fac Was Fac Arm Matter Collected 3344 | 290 485 192 15 20 583 728 64 128 . 86 30 116 353 21 . 119 114 Remotely . | . . . . . . . . . . . . . . . . . . Salvage Created 5356 | 102 807 60 . 20 871 1084 146 520 . 310 204 468 645 . . 119 . Parts 266 | 12 41 2 . 4 57 50 6 12 . 12 4 25 31 . . 10 . Haulers Intercepted 7 | . 2 . . . 2 2 . . . . . . 1 . . . . Recyclers Shooed 2 | . . . . . . 1 . . . . . 1 . . . . . Parts Field Recycled . | . . . . . . . . . . . . . . . . . . Retrieved Matter . | . . . . . . . . . . . . . . . . . . Parts Self-Destructed 24 | . . . . . . . 5 8 . 11 . . . . . . . Prevented . | . . . . . . . . . . . . . . . . . . Kills | -11 -10 -10 -10 -9 -8 -7 -7 -7 -7 -6 -6 -5 -5 -4 -4 -4 -4 ------- Run | Yrd Mat Min Exi Min Mat Fac Low Low Dat Pro Fac Fac Ext Fac Was Fac Arm Combat Hostiles Destroyed 94 | . 11 1 . . 11 19 3 15 . 9 3 9 10 . . 3 . Guns 42 | . 11 1 . . 11 8 . . . . . 2 9 . . . . Cannons 31 | . . . . . . 7 3 7 . 6 3 2 . . . 3 . AOE 20 | . . . . . . 4 . 8 . 3 . 5 . . . . . Classes Destroyed 20 | 2 6 . . . 3 6 . 1 . 1 . . 1 . . . . Worker 5 | . 1 . . . 3 . . . . . 1 . . . . . . Builder 3 | . . . . . 1 1 . . . . . . 1 . . . . Tunneler 4 | 2 . . . 1 1 . . . . . . . . . . . . Hauler 7 | . 2 . . . 2 2 . . . . . . 1 . . . . Recycler 6 | 1 2 . . . . 3 . . . . . . . . . . . Mechanic 1 | . . . . . . 1 . . . . . . . . . . . Operator 5 | . 1 . . . 1 1 . . . . . 2 . . . . . Drone 2 | . . . . . . . . . . 2 . . . . . . . Watcher 6 | . 3 . . . 2 1 . . . . . . . . . . . Swarmer 25 | . 3 . . . 2 4 . 6 . 3 . . 5 . . 2 . Grunt 36 | . 8 1 . . 6 3 2 3 . 4 2 6 1 . . . . Brawler 5 | . . . . . . 1 . 3 . . . . 1 . . . . Duelist 4 | . . . . . . 1 1 1 . . . 1 . . . . . Protector 1 | . . . . . . 1 . . . . . . . . . . . Sentry 7 | . . . . . 2 2 . 1 . . 1 . . . . 1 . Specialist 2 | . . . . . . 2 . . . . . . . . . . . Hunter 7 | . . . . . 1 2 . . . . . 2 2 . . . . Programmer 3 | . . . . . . 3 . . . . . . . . . . . Behemoth 1 | . . . . . . . . . . . . . 1 . . . . Master Thief 1 | . . . . . . . . 1 . . . . . . . . . Thug 1 | . . . . . . . . . . . . . 1 . . . . Best Kill Streak 9 | 1 3 1 . 1 5 9 3 8 . 4 2 6 6 . . 1 . Combat Bots Only 8 | . 3 1 . . 4 5 3 8 . 4 2 6 6 . . 1 . Max Kills in Single Turn 3 | 1 2 1 . 1 2 3 1 3 . 2 1 3 1 . . 1 . Gunslinging 1 | . 1 . . . . . . . . . . . . . . . . Exploded 3 | . . . . . . 3 . 3 . 2 . 3 . . . . . Melee . | . . . . . . . . . . . . . . . . . . Uniques/NPCs Destroyed . | . . . . . . . . . . . . . . . . . . Combat | -11 -10 -10 -10 -9 -8 -7 -7 -7 -7 -6 -6 -5 -5 -4 -4 -4 -4 -------- Run | Yrd Mat Min Exi Min Mat Fac Low Low Dat Pro Fac Fac Ext Fac Was Fac Arm Hostile Shots Fired 929 | . 44 8 . . 37 81 13 37 . 19 54 67 255 64 . 149 101 Missed 281 | . 10 2 . . 9 21 4 13 . 3 14 28 65 22 . 46 44 Hits 648 | . 34 6 . . 28 60 9 24 . 16 40 39 190 42 . 103 57 Melee 17 | . . . . . . 8 1 4 . . 3 . . . . . 1 Projectile 631 | . 34 6 . . 28 52 8 20 . 16 37 39 190 42 . 103 56 AOE 11 | . . . . . . . . . . . . 2 . . . . 9 Critical Strikes 27 | . 1 1 . . 1 3 2 . . 1 2 3 7 1 . 3 2 Actively Blocked 3 | . . . . . . 1 . . . . . 2 . . . . . Part Disruptions 2 | . . . . . . . . . . . . 2 . . . . . Actively Blocked 1 | . . . . . . . . . . . . 1 . . . . . Damage Taken 11737 | . 470 81 . . 391 1140 162 433 . 340 745 947 3173 652 . 1820 1383 Core 2034 | . 40 11 . . 28 137 35 15 . 21 6 69 516 62 . 497 597 Absorbed by Shields 344 | . . . . . . . . . . . . 156 188 . . . . Redirected to Shielding 369 | . . . . . . 72 . . . . 105 108 84 . . . . Core Remaining (%) 80 | 100 . . . 79 94 . . . . 70 99 . 41 . . . . Volleys Fired 363 | 5 58 4 . 1 45 64 8 27 . 14 17 16 66 15 . 23 . Largest 3 | 2 2 2 . 2 2 3 3 3 . 3 3 2 3 1 . 1 . Hottest 270 | 40 90 90 . 90 90 270 90 180 . 90 90 180 236 81 . 105 . Shots Fired 658 | 10 116 7 . 2 90 129 24 56 . 38 34 24 90 15 . 23 . Gun 409 | 10 116 7 . 2 90 76 . . . . . 11 82 15 . . . Cannon 233 | . . . . . . 46 24 50 . 36 34 12 8 . . 23 . Launcher 16 | . . . . . . 7 . 6 . 2 . 1 . . . . . Special . | . . . . . . . . . . . . . . . . . . Kinetic 214 | 10 87 . . . 62 43 . . . . . . 12 . . . . Thermal 362 | . . . . . . 79 24 50 . 36 34 23 78 15 . 23 . Explosive 16 | . . . . . . 7 . 6 . 2 . 1 . . . . . Electromagnetic 66 | . 29 7 . 2 28 . . . . . . . . . . . . Robot Hit Streak 25 | 4 8 3 . 1 25 17 8 10 . 13 11 7 9 3 . 7 . Robot Miss Streak 8 | 3 4 2 . 1 2 6 4 3 . 6 2 2 8 6 . 8 . Penetration Max 1 | . . . . . . . . . . . . . 1 . . . . Secondary Targets 4 | . 1 . . . 1 1 . . . . . . 1 . . . . Max Gunslinging Chain 1 | . 1 . . . 1 1 . . . . . . 1 . . . . Shots Hit Robots 397 | 5 70 4 . 1 68 80 15 36 . 18 24 11 48 5 . 12 . Core Hits 221 | 5 32 2 . 1 33 57 6 24 . 11 8 13 24 . . 5 . Critical Kills 3 | 1 1 . . . . . . . . . . . 1 . . . . Critical Parts Destroyed 1 | . . . . . 1 . . . . . . . . . . . . Critical Strikes 9 | 1 1 . . . 2 . . . . . . . 5 . . . . Burn 4 | . . . . . . . . . . . . . 4 . . . . Meltdown 1 | . . . . . . . . . . . . . 1 . . . . Destroy 3 | 1 1 . . . 1 . . . . . . . . . . . . Corrupt 1 | . . . . . 1 . . . . . . . . . . . . Melee Attacks 7 | . . . . . . 4 . . . . . . . . . 3 . Impact . | . . . . . . . . . . . . . . . . . . Slashing 7 | . . . . . . 4 . . . . . . . . . 3 . Piercing . | . . . . . . . . . . . . . . . . . . Sneak Attacks . | . . . . . . . . . . . . . . . . . . Combat Hostiles . | . . . . . . . . . . . . . . . . . . Follow-up Attacks . | . . . . . . . . . . . . . . . . . . Damage Inflicted 12111 | 57 1003 66 . 17 1168 2890 470 1653 . 739 731 1120 1607 144 . 445 1 Guns 5026 | 57 882 66 . 17 1142 1072 . . . . . 262 1384 144 . . . Cannons 4435 | . . . . . . 955 470 962 . 516 731 212 221 . . 368 . Explosions 2570 | . 121 . . . 26 863 . 691 . 223 . 646 . . . . . Melee 20 | . . . . . . . . . . . . . . . . 20 . Ramming 60 | . . . . . . . . . . . . . 2 . . 57 1 Kinetic 2117 | 57 568 . . . 807 461 . . . . . . 224 . . . . Thermal 7302 | . 121 . . . 26 1566 470 962 . 516 731 1017 1381 144 . 368 . Explosive 1880 | . . . . . . 863 . 691 . 223 . 103 . . . . . Electromagnetic 732 | . 314 66 . 17 335 . . . . . . . . . . . . Impact . | . . . . . . . . . . . . . . . . . . Slashing 20 | . . . . . . . . . . . . . . . . 20 . Piercing . | . . . . . . . . . . . . . . . . . . Highest Corruption 18 | . 1 1 1 1 1 2 . . . . . 2 18 . 11 15 15 Average Corruption 3 | . 1 1 1 1 1 1 . . . . . 1 7 . 5 13 15 Corruption Purged 2 | . . . . . . 2 . . . . . . . . . . . Corruption Blocked . | . . . . . . . . . . . . . . . . . . Effects 84 | . 6 4 8 9 1 5 . . . . . . 26 . 2 16 7 Message Errors 20 | . 1 1 2 4 . 1 . . . . . . 7 . . 3 1 Matter Fused 11 | . 2 . 1 . . . . . . . . . 3 . 2 1 2 Heat Flow Errors 9 | . 1 . 1 1 . . . . . . . . 2 . . 4 . Energy Discharges 7 | . . 1 1 1 . 1 . . . . . . 2 . . 1 . Data Loss (minor) 17 | . . 1 1 2 1 2 . . . . . . 5 . . 3 2 Data Loss (major) 6 | . . . 2 1 . 1 . . . . . . 2 . . . . Misfires 4 | . 1 1 . . . . . . . . . . 2 . . . . Alerts 1 | . . . . . . . . . . . . . . . . 1 . Misdirections 6 | . . . . . . . . . . . . . 1 . . 3 2 Weapon Failures 3 | . 1 . . . . . . . . . . . 2 . . . . Overload Shots 48 | . . . . . . 18 . 8 . . 2 18 2 . . . . Effects 4 | . . . . . . . . 1 . . 1 1 1 . . . . Energy Bleed 4 | . . . . . . . . 1 . . 1 1 1 . . . . Overflow Damage 182 | . 5 . . . . 73 . 58 . 40 . . . . . 6 . Projectiles 102 | . . . . . . 58 . 38 . . . . . . . 6 . Explosions 80 | . 5 . . . . 15 . 20 . 40 . . . . . . . Melee . | . . . . . . . . . . . . . . . . . . Knockbacks . | . . . . . . . . . . . . . . . . . . Impact . | . . . . . . . . . . . . . . . . . . Kinetic . | . . . . . . . . . . . . . . . . . . Secondary . | . . . . . . . . . . . . . . . . . . Self-Inflicted Damage 254 | . 9 . . . 36 29 . 11 . 42 . 99 . . . 28 . Shots 7 | . 1 . . . 1 1 . 1 . 1 . 2 . . . . . Rammed 4 | . . . . . . . . . . . . . . . . 3 1 Targets Rammed 6 | . . . . . . . . . . . . . 2 . . 3 1 Kicked 2 | . . . . . . . . . . . . . 2 . . . . Crushed . | . . . . . . . . . . . . . . . . . . Highest Temperature 559 | . 197 95 94 193 16 413 160 399 . 186 108 195 345 226 . 559 11 Average Temperature 87 | . 40 41 54 76 5 100 101 114 . 59 38 69 95 116 . 136 6 Received Heat Transfer 1699 | . 219 66 . . 144 108 90 90 . 144 270 83 182 9 . 120 174 Effects 5 | . . . . . . 1 . 1 . . . . 1 . . 2 . Shutdowns 1 | . . . . . . . . . . . . . . . . 1 . Energy Bleed 3 | . . . . . . 1 . 1 . . . . 1 . . . . Short Circuit 1 | . . . . . . . . . . . . . . . . 1 . Siege Activations . | . . . . . . . . . . . . . . . . . . Martial Activations . | . . . . . . . . . . . . . . . . . . Shielding Activations . | . . . . . . . . . . . . . . . . . . Robots Disrupted . | . . . . . . . . . . . . . . . . . . Combat Hostiles . | . . . . . . . . . . . . . . . . . . Robots Corrupted 1 | . 1 . . . . . . . . . . . . . . . . Combat Hostiles . | . . . . . . . . . . . . . . . . . . Parts Fried 4 | . 1 . . . . 2 . . . . . . 1 . . . . Impact Corruptions . | . . . . . . . . . . . . . . . . . . Robots Melted 2 | . . . . . . . . . . . . . 2 . . . . Combat Hostiles 1 | . . . . . . . . . . . . . 1 . . . . Parts Melted 17 | . . . . . . 7 1 4 . . . 2 3 . . . . Heat Transferred 10177 | . 150 . . . 50 2415 629 1260 . 703 999 974 2331 222 . 444 . Parts Sabotaged 1 | . . . . . . . . . . . . . . . . . 1 Parts Stolen 1 | . . . . . . . . 1 . . . . . . . . . Parts Stripped . | . . . . . . . . . . . . . . . . . . Power Chain Reactions 5 | . 3 . . . 1 1 . . . . . . . . . . . Alert | -11 -10 -10 -10 -9 -8 -7 -7 -7 -7 -6 -6 -5 -5 -4 -4 -4 -4 ------- Run | Yrd Mat Min Exi Min Mat Fac Low Low Dat Pro Fac Fac Ext Fac Was Fac Arm Maximum Alert Level 2 | . . . . . . 1 . . . . 2 2 1 . . . . Low Security (%) 90 | 100 100 100 . 100 100 90 . . . . . 37 95 100 100 100 100 Level 1 5 | . . . . . . 9 . . . . 46 29 4 . . . . Level 2 3 | . . . . . . . . . . . 53 33 . . . . . Level 3 . | . . . . . . . . . . . . . . . . . . Level 4 . | . . . . . . . . . . . . . . . . . . Level 5 . | . . . . . . . . . . . . . . . . . . High Security . | . . . . . . . . . . . . . . . . . . Max Security . | . . . . . . . . . . . . . . . . . . Peak Influence 553 | 5 128 31 . 5 107 241 . . . . 451 553 242 184 46 110 45 Initial 451 | . . 9 . . . . . . . . 451 181 147 102 46 . 19 Average 74 | . 57 2 . . 37 81 . . . . 399 341 93 105 20 27 9 Influence Increases 4424 | 15 381 89 . 5 475 643 70 303 . 183 600 491 693 152 . 242 82 Destroy 0b10 Robot/C 2220 | . 220 60 . . 300 380 60 280 . 140 60 180 420 . . 100 20 Destroy 0b10 Robot/NC 205 | 15 45 . . 5 50 50 . . . 10 5 10 15 . . . . Destroy Leader 386 | . 60 10 . . 78 86 10 10 . 20 10 30 52 . . 20 . Allied During Kill 135 | . . 4 . . 13 4 . 13 . 13 . . 86 . . . 2 Successful Hack 142 | . 15 . . . 15 49 . . . . 27 10 . . . 26 . Disable Machine 210 | . . 15 . . 15 30 . . . . . 90 60 . . . . Destroy Structure 241 | . 11 . . . 4 29 . . . . 3 156 30 2 . 6 . Advance Influence 450 | . . . . . . . . . . . 450 . . . . . . Lose Combat Pursuer 435 | . 30 . . . . 15 . . . . 45 15 30 150 . 90 60 Influence Decreases 4424 | 15 356 114 . 5 475 429 284 192 111 180 232 560 785 228 134 202 122 Entered New Map 771 | . . 16 . . . . 80 . 111 . 2 190 155 108 88 . 21 Time Decay 2587 | 15 356 71 . 5 375 317 204 192 . 140 180 140 380 60 40 90 22 Lost Part 541 | . . . . . 10 40 . . . . 50 80 190 60 . 72 39 Lost Ally 273 | . . 27 . . 20 40 . . . 40 . . 60 . 6 40 40 Purge Threat 252 | . . . . . 70 32 . . . . . 150 . . . . . Squads Dispatched 25 | . 3 1 . 1 1 9 . 1 . . . 3 3 . . 2 1 Investigation 6 | . 1 1 . . . 2 . . . . . 1 . . . 1 . Extermination 3 | . . . . . . 2 . . . . . . . . . 1 . Reinforcement 14 | . 2 . . . 1 5 . . . . . 2 3 . . . 1 Assault 2 | . . . . 1 . . . 1 . . . . . . . . . Garrison . | . . . . . . . . . . . . . . . . . . Intercept . | . . . . . . . . . . . . . . . . . . Searches Triggered . | . . . . . . . . . . . . . . . . . . Data Miner Redirects 1 | . . . . . . . . . . . . . . . . 1 . Construction Impeded 3 | . . . . . . . . . . . . . 3 . . . . Haulers Reinforced . | . . . . . . . . . . . . . . . . . . Active Scanning Responses . | . . . . . . . . . . . . . . . . . . Cargo Convoy Interrupts 1 | . . . . . . 1 . . . . . . . . . . . Stealth | -11 -10 -10 -10 -9 -8 -7 -7 -7 -7 -6 -6 -5 -5 -4 -4 -4 -4 --------- Run | Yrd Mat Min Exi Min Mat Fac Low Low Dat Pro Fac Fac Ext Fac Was Fac Arm Distress Signals 10 | . 1 . . . 3 1 . . . 1 1 . 2 . . . 1 Communications Jammed . | . . . . . . . . . . . . . . . . . . Distress Signals . | . . . . . . . . . . . . . . . . . . Times Spotted 206 | . 23 3 . 2 16 27 3 18 . 10 8 16 32 14 6 15 13 Peak Tracking Total 8 | . 5 2 . 2 4 4 3 7 . 4 3 5 8 8 6 6 7 Tactical Retreats 13 | . 1 . . . . 1 . . . . 3 1 1 3 . 2 1 Traps | -11 -10 -10 -10 -9 -8 -7 -7 -7 -7 -6 -6 -5 -5 -4 -4 -4 -4 ------- Run | Yrd Mat Min Exi Min Mat Fac Low Low Dat Pro Fac Fac Ext Fac Was Fac Arm Traps Triggered 11 | . 3 . . . 4 1 . . . . . . 1 1 . 1 . Indirectly . | . . . . . . . . . . . . . . . . . . Trap Hack Attempts . | . . . . . . . . . . . . . . . . . . Triggered . | . . . . . . . . . . . . . . . . . . Disarmed . | . . . . . . . . . . . . . . . . . . Reprogrammed 5 | . . . . . . . . . . . . . 5 . . . . Reused . | . . . . . . . . . . . . . . . . . . Traps Extracted . | . . . . . . . . . . . . . . . . . . Installed 5 | . . 5 . . . . . . . . . . . . . . . Triggered . | . . . . . . . . . . . . . . . . . . Machines | -11 -10 -10 -10 -9 -8 -7 -7 -7 -7 -6 -6 -5 -5 -4 -4 -4 -4 ---------- Run | Yrd Mat Min Exi Min Mat Fac Low Low Dat Pro Fac Fac Ext Fac Was Fac Arm Machines Disabled 15 | . . 1 . . 1 2 . 1 . . . 6 4 . . . . Max in Single Turn 2 | . . . . . 1 1 . 1 . . . 2 2 . . . . Garrison Access 1 | . . . . . 1 . . . . . . . . . . . . Energy Cycler 1 | . . . . . . . . . . . . . 1 . . . . Machines Repaired . | . . . . . . . . . . . . . . . . . . Machines Dismantled . | . . . . . . . . . . . . . . . . . . Machines Sabotaged . | . . . . . . . . . . . . . . . . . . Overloaded Fab Kills . | . . . . . . . . . . . . . . . . . . Hacking | -11 -10 -10 -10 -9 -8 -7 -7 -7 -7 -6 -6 -5 -5 -4 -4 -4 -4 --------- Run | Yrd Mat Min Exi Min Mat Fac Low Low Dat Pro Fac Fac Ext Fac Was Fac Arm Machines Accessed 46 | . 5 1 2 1 9 7 1 . 4 . 4 5 3 . . 4 . Terminals 25 | . 3 . . . 7 3 . . . . 4 3 3 . . 2 . Fabricators 3 | . . . . . . 1 . . . . . . . . . 2 . Repair Stations . | . . . . . . . . . . . . . . . . . . Recycling Units 5 | . 2 . . . . 2 . . . . . 1 . . . . . Scanalyzers 1 | . . . . . 1 . . . . . . . . . . . . Garrison Access 3 | . . . . . 1 1 . . . . . 1 . . . . . Total Hacks 133 | . 14 1 2 1 22 21 7 . 27 . 7 12 10 . . 9 . Successful 85 | . 8 1 2 1 15 10 7 . 27 . 3 5 2 . . 4 . Failed 48 | . 6 . . . 7 11 . . . . 4 7 8 . . 5 . Catastrophic 5 | . 1 . . . . 1 . . . . . . 3 . . . . Database Lockouts . | . . . . . . . . . . . . . . . . . . Manual 50 | . 10 . 1 . 17 8 . . . . 4 7 1 . . 2 . Terminals 69 | . 11 . . . 19 10 . . . . 7 8 10 . . 4 . Fabricators 8 | . . . . . . 3 . . . . . . . . . 5 . Repair Stations . | . . . . . . . . . . . . . . . . . . Recycling Units 10 | . 3 . . . . 5 . . . . . 2 . . . . . Scanalyzers 2 | . . . . . 2 . . . . . . . . . . . . Garrison Access 6 | . . . . . 1 3 . . . . . 2 . . . . . Terminal Hacks 59 | . 2 1 2 1 5 4 7 . 27 . 3 3 2 . . 2 . Record 19 | . . . 1 . . . 7 . 11 . . . . . . . . Part Schematic 10 | . . . . . 1 . . . 9 . . . . . . . . Robot Schematic 4 | . . . . . . . . . 4 . . . . . . . . Prototype ID Bank 3 | . . . . . . . . . 3 . . . . . . . . Open Door 2 | . . 1 . 1 . . . . . . . . . . . . . Level Access Points 1 | . . . . . . . . . . . 1 . . . . . . Branch Access Points 4 | . . . . . . 1 . . . . 1 1 . . . 1 . Emergency Access Points 1 | . . . . . . . . . . . . . . . . 1 . Unreport Threat 4 | . . . . . 2 1 . . . . . 1 . . . . . Reprogram Traps 1 | . . . . . . . . . . . . . 1 . . . . Hauler Manifests 1 | . . . . . . . . . . . . . 1 . . . . Zone Layout 8 | . 2 . . . 2 2 . . . . 1 1 . . . . . Proto ID Catalog 1 | . . . 1 . . . . . . . . . . . . . . Fabricator Hacks 2 | . . . . . . . . . . . . . . . . 2 . Load Schematic 1 | . . . . . . . . . . . . . . . . 1 . Build 1 | . . . . . . . . . . . . . . . . 1 . Repair Station Hacks . | . . . . . . . . . . . . . . . . . . Recycling Unit Hacks 5 | . 2 . . . . 2 . . . . . 1 . . . . . Retrieve Components 5 | . 2 . . . . 2 . . . . . 1 . . . . . Scanalyzer 2 | . . . . . 2 . . . . . . . . . . . . Insert Component 1 | . . . . . 1 . . . . . . . . . . . . Analyze 1 | . . . . . 1 . . . . . . . . . . . . Garrison Access Hacks 1 | . . . . . 1 . . . . . . . . . . . . Seal Access 1 | . . . . . 1 . . . . . . . . . . . . Unauthorized Hacks 16 | . 4 . . . 7 4 . . . . . 1 . . . . . Terminals 13 | . 4 . . . 7 2 . . . . . . . . . . . Botnet 4 | . 1 . . . 2 1 . . . . . . . . . . . Skim 9 | . 3 . . . 5 1 . . . . . . . . . . . Fabricators . | . . . . . . . . . . . . . . . . . . Repair Stations . | . . . . . . . . . . . . . . . . . . Recycling Units 1 | . . . . . . . . . . . . 1 . . . . . Recyclers 1 | . . . . . . . . . . . . 1 . . . . . Scanalyzers . | . . . . . . . . . . . . . . . . . . Garrison Access 2 | . . . . . . 2 . . . . . . . . . . . Reprogram 1 | . . . . . . 1 . . . . . . . . . . . Intercept 1 | . . . . . . 1 . . . . . . . . . . . Data Cores Recovered 4 | . 1 . . . . 1 . . . . . 2 . . . . . Used 2 | . . . . . . . . . . . . 2 . . . . . Hacking Detections 32 | . 4 . . . 6 7 . . . . 4 4 3 . . 4 . Full Trace Events 3 | . . . . . . 1 . . . . . 1 . . . 1 . Feedback Events . | . . . . . . . . . . . . . . . . . . Feedback Blocked . | . . . . . . . . . . . . . . . . . . Robot Schematics Acquired 4 | . . . . . . . . . 4 . . . . . . . . Robots Built 2 | . . . . . . . . . . . . . . . . 2 . Authchips . | . . . . . . . . . . . . . . . . . . Time 76 | . . . . . . . . . . . . . . . . 76 . Total Robot Build Rating 10 | . . . . . . . . . . . . . . . . 10 . Part Schematics Acquired 11 | . . . . . 2 . . . 9 . . . . . . . . Parts Built . | . . . . . . . . . . . . . . . . . . Authchips . | . . . . . . . . . . . . . . . . . . Time . | . . . . . . . . . . . . . . . . . . Total Part Build Rating . | . . . . . . . . . . . . . . . . . . Parts Repaired . | . . . . . . . . . . . . . . . . . . Time . | . . . . . . . . . . . . . . . . . . Parts Recycled . | . . . . . . . . . . . . . . . . . . Recycled Matter . | . . . . . . . . . . . . . . . . . . Retrieved Matter . | . . . . . . . . . . . . . . . . . . Retrieved Components 32 | . 19 . . . . 12 . . . . . 1 . . . . . Parts Scanalyzed 1 | . . . . . 1 . . . . . . . . . . . . Part Schematics Acquired 1 | . . . . . 1 . . . . . . . . . . . . Parts Damaged . | . . . . . . . . . . . . . . . . . . Bothacking | -11 -10 -10 -10 -9 -8 -7 -7 -7 -7 -6 -6 -5 -5 -4 -4 -4 -4 ------------ Run | Yrd Mat Min Exi Min Mat Fac Low Low Dat Pro Fac Fac Ext Fac Was Fac Arm Used RIF Installer . | . . . . . . . . . . . . . . . . . . Robots Hacked . | . . . . . . . . . . . . . . . . . . Non-combat . | . . . . . . . . . . . . . . . . . . Combat . | . . . . . . . . . . . . . . . . . . Robot Hacks Applied . | . . . . . . . . . . . . . . . . . . Relay Couplers Released . | . . . . . . . . . . . . . . . . . . Fabnet Peak Effective % . | . . . . . . . . . . . . . . . . . . Robots Rewired 10 | . . . . . . . . 2 . . . . 6 . . . 2 Allies Hacked . | . . . . . . . . . . . . . . . . . . Hacks Repelled . | . . . . . . . . . . . . . . . . . . Allies | -11 -10 -10 -10 -9 -8 -7 -7 -7 -7 -6 -6 -5 -5 -4 -4 -4 -4 -------- Run | Yrd Mat Min Exi Min Mat Fac Low Low Dat Pro Fac Fac Ext Fac Was Fac Arm Total Allies 18 | . . 3 . 1 . 2 . 2 . . . . 6 . . 2 2 Largest Group 4 | . . 3 1 2 2 2 . 2 2 2 . . 4 . . 2 2 Highest-Rated Group 110 | . . 40 8 39 39 80 . 36 36 36 . . 110 . . 82 60 Highest-Rated Ally 41 | . . 16 8 31 31 40 . 20 20 20 . . 39 . . 41 30 Total Orders 8 | . . . . . . 3 . . . . 1 . . . 1 1 2 STAY 2 | . . . . . . 2 . . . . . . . . . . . ROAM 1 | . . . . . . 1 . . . . . . . . . . . EXPLORE 3 | . . . . . . . . . . . . . . . . 1 2 RETURN 2 | . . . . . . . . . . . 1 . . . 1 . . Ally Attacks 139 | . . 16 . 3 23 9 . 10 . 9 . . 55 . . 9 5 Total Damage 2160 | . . 121 . 40 207 104 . 158 . 105 . . 1046 . . 250 129 Kills 23 | . . 2 . . 4 1 . 1 . . . . 12 . . 2 1 Allies Corrupted 2 | . . . . . . . . . . . . . 2 . . . . Allies Melted . | . . . . . . . . . . . . . . . . . . Intel | -11 -10 -10 -10 -9 -8 -7 -7 -7 -7 -6 -6 -5 -5 -4 -4 -4 -4 ------- Run | Yrd Mat Min Exi Min Mat Fac Low Low Dat Pro Fac Fac Ext Fac Was Fac Arm Active Infowar (turns) 5455 | 28 1029 . . . . 802 788 463 103 325 372 287 882 126 121 129 . Optics 1885 | . . . . . . . . . . . 345 287 882 126 121 124 . Seismic 1057 | 28 1029 . . . . . . . . . . . . . . . . T.N.C. 3127 | . . . . . . 802 788 463 103 325 372 274 . . . . . Cloaking 168 | . . . . . . . . . . . 78 . . . . 90 . Robot Analysis Total . | . . . . . . . . . . . . . . . . . . Derelict Logs Recovered 6 | . . 2 . 2 . . 2 . . . . . . . . . . Drone Launches 28 | . . . . . . 3 1 . . 2 3 1 2 1 11 2 2 Drone Recoveries 22 | . . . . . . 2 . 1 . 1 4 1 2 . 8 1 2 Exploration | -11 -10 -10 -10 -9 -8 -7 -7 -7 -7 -6 -6 -5 -5 -4 -4 -4 -4 ------------- Run | Yrd Mat Min Exi Min Mat Fac Low Low Dat Pro Fac Fac Ext Fac Was Fac Arm Turns Passed 10150 | 162 1139 1027 472 702 1258 1509 788 463 103 325 372 287 882 126 121 305 109 Spaces Moved 6052 | 91 588 592 334 427 612 852 409 191 79 151 189 203 339 148 353 379 115 Core 26 | 15 . . . . . . . . . . . . . . . . 11 Treads 1088 | 76 588 424 . . . . . . . . . . . . . . . Legs 1819 | . . . . . . 300 409 191 79 151 189 203 280 17 . . . Wheels 2093 | . . 168 334 427 612 552 . . . . . . . . . . . Hover 1026 | . . . . . . . . . . . . . 59 131 353 379 104 Flight . | . . . . . . . . . . . . . . . . . . Fastest Speed 16 | 50 160 95 95 155 125 110 184 112 112 112 112 77 84 21 16 22 27 Average Speed 130 | 141 160 164 138 155 133 125 184 183 112 174 156 106 154 48 26 37 53 Slowest Speed 750 | 160 160 240 155 155 155 190 184 184 112 184 184 112 260 190 28 95 750 Overloaded Moves 99 | . . . . . . . . . . . . 9 . 49 35 6 . Propulsion Burnouts . | . . . . . . . . . . . . . . . . . . Robots Hopped . | . . . . . . . . . . . . . . . . . . Potential Cave-ins 2 | . . . . . . . . . . . . 2 . . . . . Cave-ins Triggered . | . . . . . . . . . . . . . . . . . . Exploration Rate (%) 46 | 5 90 95 68 87 45 19 69 44 68 37 12 11 55 9 100 12 11 Regions Visited 17 Branch Regions 9 Pre-discovered Areas 6 | . . 1 1 1 1 . 1 . 1 . . . . . . . . Known Exits Taken 7 | . . . . . 1 1 1 . . 1 1 1 . . . 1 . Unknown Exits Taken 8 | 1 1 1 1 1 . . . 1 1 . . . 1 . . . . Scrap Searched 10 | . . 1 . 2 . . 3 1 . 3 . . . . . . . Spaces Dug 26 | . . . . . . 8 . 11 . . 2 4 . . . 1 . Terrain Destroyed 228 | . 9 . . . 3 42 1 49 . 20 3 86 13 . . 2 . Melee 4 | . . . . . . 4 . . . . . . . . . . . Projectile 41 | . . . . . . 9 1 11 . 7 3 7 1 . . 2 . AOE 183 | . 9 . . . 3 29 . 38 . 13 . 79 12 . . . . Terrain Rammed . | . . . . . . . . . . . . . . . . . . Walls Destroyed . | . . . . . . . . . . . . . . . . . . Machines Disabled . | . . . . . . . . . . . . . . . . . . Actions | -11 -10 -10 -10 -9 -8 -7 -7 -7 -7 -6 -6 -5 -5 -4 -4 -4 -4 --------- Run | Yrd Mat Min Exi Min Mat Fac Low Low Dat Pro Fac Fac Ext Fac Was Fac Arm Total 7721 | 115 683 646 345 465 983 1179 426 250 93 181 232 249 619 193 379 514 169 Wait 651 | . 11 27 1 36 235 137 3 6 14 14 20 13 64 1 21 29 19 Move 6036 | 90 587 591 333 426 611 851 408 190 78 150 188 202 338 148 352 378 115 Hop . | . . . . . . . . . . . . . . . . . . Pick Up 173 | 13 15 5 8 2 26 34 2 3 . . 1 5 24 3 1 26 5 Fast Attach 36 | . 1 . . . 14 14 . 1 . . . . 4 . . 1 1 Attach 108 | 7 2 3 2 . 8 7 2 . . . 4 8 26 10 4 21 4 Detach 21 | . . 2 . . . . . . . . 1 1 3 7 1 5 1 Swap 82 | . 1 2 1 . 12 29 2 6 1 3 1 3 8 5 . 5 3 Drop 124 | . 8 7 . . 32 39 1 4 . . . 1 7 4 . 7 14 Fire 363 | 5 58 4 . 1 45 64 8 27 . 14 17 16 66 15 . 23 . Melee 7 | . . . . . . 4 . . . . . . . . . 3 . Ram 4 | . . . . . . . . . . . . . . . . 3 1 Kick 2 | . . . . . . . . . . . . . 2 . . . . Crush . | . . . . . . . . . . . . . . . . . . Escape Stasis 18 | . . . . . . . . . . . . . 5 . . 13 . Rewire 91 | . . . . . . . . 13 . . . . 72 . . . 6 Trap 5 | . . 5 . . . . . . . . . . . . . . . Miscellaneous . | . . . . . . . . . . . . . . . . . . Route ------- -11/Scrapyard -10/Materials (discovered 4 exits: [*Mat x3] / *Min) -10/Mines (discovered 3 exits: [*Mat x2] / *Exi) -10/Exiles -9/Mines (discovered 2 exits: *Mat x2) -8/Materials (discovered 3 exits: *Fac x3) -7/Factory (discovered 5 exits: Fac x3 / *Low x2) -7/Lower Caves -7/Lower Caves -7/Data Miner -6/Proximity Caves -6/Factory (discovered 6 exits: *Fac x4 / *Low x2) -5/Factory (discovered 4 exits: Upp x2 / *Ext x2) -5/Extension -4/Factory -4/Waste -4/Factory (discovered 3 exits: Upp x2 / *Arm) -4/Armory History --------- Turn | Location | Event 11 | -11/Scrapyard | Discovered new exit (range 15) 163 | -11/Scrapyard | Entered Materials 316 | -10/Materials | Build established: Mutant 639 | -10/Materials | Discovered new exit (range 7) 843 | -10/Materials | Discovered new exit (range 20) 1127 | -10/Materials | Discovered new exit (range 15) 1248 | -10/Materials | Discovered new exit (range 8) 1302 | -10/Materials | Entered Mines 1307 | -10/Mines | Assisted by bots powering up and referring to "LRC-V3" 1342 | -10/Mines | Discovered new exit (range 7) 1613 | -10/Mines | Discovered new exit (range 8) 1782 | -10/Mines | Met a Derelict shopkeep closing up shop 1860 | -10/Mines | Found a hidden stash of uninstalled traps 2084 | -10/Mines | Deemed a non-threat by the Exiles lab entrance 2084 | -10/Mines | Discovered new exit (range 5) 2233 | -10/Mines | Found a Scrap Suit stashed away for nefarious purposes 2329 | -10/Mines | Entered Exiles 2329 | -10/Exiles | Accompanied by 1 ally 2365 | -10/Exiles | Met 8R-AWN 2387 | -10/Exiles | Met EX-HEX 2458 | -10/Exiles | Met EX-DEC 2482 | -10/Exiles | Learned location of Zion (-6) 2590 | -10/Exiles | Met EX-BIN 2610 | -10/Exiles | Aligned with FarCom system 2611 | -10/Exiles | Given EX-Vault access code 2643 | -10/Exiles | Opened EX-Vault 2653 | -10/Exiles | Found Longsword +1 2657 | -10/Exiles | Found Modified TNC 2662 | -10/Exiles | Found Potential Leg 2664 | -10/Exiles | Found Potential Leg 2695 | -10/Exiles | Warned to stay clear of 0b10 Research branches 2780 | -10/Exiles | Discovered new exit (range 14) 2801 | -10/Exiles | Stole three prototypes: Potential Leg, Modified TNC, Longsword +1 2801 | -10/Exiles | Entered Mines 2801 | -9/Mines | Accompanied by 1 ally 2820 | -9/Mines | Met a Derelict testing a Signal Generator 2917 | -9/Mines | Found the Drone Emporium 2927 | -9/Mines | Found Prototype Device 3242 | -9/Mines | Received a Rocket Launcher from a helpful Derelict 3343 | -9/Mines | Learned location of 1 exit from Lower Caves 3461 | -9/Mines | Discovered new exit (range 4) 3480 | -9/Mines | Discovered new exit (range 7) 3503 | -9/Mines | Entered Materials 3503 | -8/Materials | Accompanied by 2 allies 3503 | -8/Materials | Evolved 4 slots: Propulsion x1, Utility x3 3909 | -8/Materials | Identified Sensor Drone Bay 4107 | -8/Materials | Build established: Scavenger-Mutant 4388 | -8/Materials | Discovered new exit (range 16) 4593 | -8/Materials | Learned 8 Factory zone layouts 4654 | -8/Materials | Learned location of 1 exit from Storage 4655 | -8/Materials | Identified exit to Factory 4656 | -8/Materials | Learned Storage trap positions 4657 | -8/Materials | Learned location of Lower Caves (-7) 4695 | -8/Materials | Learned Storage stockpile data 4761 | -8/Materials | Entered Factory 4761 | -7/Factory | Evolved 2 slots: Propulsion x1, Weapon x1 4762 | -7/Factory | Identified exit to Factory 4763 | -7/Factory | FarCom data flow suspended 4874 | -7/Factory | Lost 3 parts (1n2w) 4915 | -7/Factory | Identified exit to Lower Caves 5388 | -7/Factory | Build established: Gunner 5695 | -7/Factory | Cargo convoy interrupted 5721 | -7/Factory | Lost 3 allies 5789 | -7/Factory | Found Prototype Hackware 5810 | -7/Factory | Found PL-3XN's Ring of Power 5953 | -7/Factory | Identified Exp. Hacking Suite 6270 | -7/Factory | Entered Lower Caves 6271 | -7/Lower Caves | Identified exit to Lower Caves 6306 | -7/Lower Caves | Learned Factory emergency access door positions 6558 | -7/Lower Caves | Build established: Tank 6845 | -7/Lower Caves | Encountered a Warlord checkpoint 6864 | -7/Lower Caves | Learned Factory terminal intel 6966 | -7/Lower Caves | Learned location of Armory (-4) 6966 | -7/Lower Caves | Learned Research stockpile data 6966 | -7/Lower Caves | Learned Extension security intel 7058 | -7/Lower Caves | Entered another Lower Caves area 7058 | -7/Lower Caves | Accompanied by 1 ally 7170 | -7/Lower Caves | Attracted the attention of an 0b10 outpost 7221 | -7/Lower Caves | Destroyed 8 combat bots 7422 | -7/Lower Caves | Spotted Q9-HON(f) 7423 | -7/Lower Caves | Encountered a Master Thief 7423 | -7/Lower Caves | Spotted CD-JWL(f) 7423 | -7/Lower Caves | Spotted 3T-6LM(f) 7424 | -7/Lower Caves | Encountered a Master Thief 7424 | -7/Lower Caves | Encountered a Master Thief 7424 | -7/Lower Caves | Longsword +1 stolen by Master Thief 7430 | -7/Lower Caves | Destroyed Q9-HON(f) 7437 | -7/Lower Caves | Allies destroyed CD-JWL(f) 7474 | -7/Lower Caves | Discovered new exit (range 14) 7521 | -7/Lower Caves | Entered Data Miner 7521 | -7/Data Miner | Accompanied by 2 allies 7521 | -7/Data Miner | Discovered new exit (range 6) 7543 | -7/Data Miner | Met Data Miner 7562 | -7/Data Miner | Learned location of Section 7 (-2) 7562 | -7/Data Miner | Acquired the access code to Warlord's prototype stash 7583 | -7/Data Miner | Received God Mode back door access code from Data Miner 7624 | -7/Data Miner | Entered Proximity Caves 7624 | -6/Proximity Caves | Accompanied by 2 allies 7717 | -6/Proximity Caves | Spotter reported a threat 7788 | -6/Proximity Caves | Spotter reported a threat 7868 | -6/Proximity Caves | Spotter reported a threat 7926 | -6/Proximity Caves | Discovered exit to Factory (range 9) 7949 | -6/Proximity Caves | Entered Factory 7949 | -6/Factory | Accompanied by 1 ally 7949 | -6/Factory | Evolved 2 slots: Utility x2 7951 | -6/Factory | Loaded intel: 26 terminal locations 8055 | -6/Factory | Discovered new exit (range 7) 8086 | -6/Factory | Lost 3 parts (1p1u1w) 8104 | -6/Factory | Identified exit to Lower Caves 8164 | -6/Factory | Identified exit to Factory 8321 | -6/Factory | Entered another Factory area 8321 | -5/Factory | Evolved 2 slots: Power x1, Propulsion x1 8335 | -5/Factory | Build established: Mutant 8563 | -5/Factory | Identified exit to Upper Caves 8563 | -5/Factory | Identified exit to Extension 8608 | -5/Factory | Entered Extension 8634 | -5/Extension | Lost 7 parts (2p3u2w) 8746 | -5/Extension | Energy Cycler disabled 8748 | -5/Extension | Rescued a captive Derelict 8903 | -5/Extension | Build established: Hacker-Mutant 8970 | -5/Extension | Lost 10 parts (1p5n3u1w) 9020 | -5/Extension | Core integrity fell below 50% 9168 | -5/Extension | System corruption reached 10% 9302 | -5/Extension | Discovered new exit (range 19) 9304 | -5/Extension | Spotted B-75 Beast 9321 | -5/Extension | Destroyed B-75 Beast 9357 | -5/Extension | Extracted ID and sensor layout for unrecognized location from A7's data core 9370 | -5/Extension | Lost 5 parts (1p2n2w) 9383 | -5/Extension | Disrupted transfer network 9490 | -5/Extension | Entered Factory 9490 | -4/Factory | Evolved 2 slots: Propulsion x2 9500 | -4/Factory | Lost 4 allies 9616 | -4/Factory | Manually triggered Chute Trap 9616 | -4/Factory | Sucked down chute 9616 | -4/Factory | Entered Waste 9625 | -4/Waste | Spotted C-40 Crusher 9629 | -4/Waste | Spotted C-40 Crusher 9631 | -4/Waste | EMP discharged 9634 | -4/Waste | Spotted C-40 Crusher 9634 | -4/Waste | Spotted C-40 Crusher 9634 | -4/Waste | Spotted C-40 Crusher 9635 | -4/Waste | Discovered new exit (range 22) 9636 | -4/Waste | Spotted C-40 Crusher 9643 | -4/Waste | Lost 6 parts (1p3n1u1w) 9731 | -4/Waste | EMP discharged 9731 | -4/Waste | System corruption reached 10% 9737 | -4/Waste | Entered Factory 9743 | -4/Factory | Identified exit to Upper Caves 9743 | -4/Factory | Identified exit to Armory 9934 | -4/Factory | Lost 11 parts (2p7n1u1w) 9939 | -4/Factory | Incoming investigation squad redirected 9995 | -4/Factory | Fabricated H-66 Slayer? 10042 | -4/Factory | Entered Armory 10063 | -4/Armory | Core integrity fell below 50% 10097 | -4/Armory | Lost 6 parts (1p5n) 10148 | -4/Armory | Core integrity fell below 20% 10151 | -4/Armory | Destroyed by X-77 Beamer with Gatling Laser Last Messages --------------- 10131_ Dropped Master Tearclaws. 10132_ Dropped Adv. Drone Bay. 10136_ System corrupted: FCS attempts to trigger Enh. Nova Cannon. 10136_ Penetrated by Slug. 10136_ Dropped Enh. Nova Cannon. 10137_ Penetrated by Slug. 10138_ Acquired PL-3XN's Ring of Power. 10141_ Slug penetrates Wall. 10144_ Penetrated by Slug. 10144_ Slug penetrates Wall. 10145_ Slammed into H-77 Assassin. 10145_ Imp. Linear Gravjet blown off. 10145_ E-15 Imp destroyed. 10146_ Penetrated by Slug. 10146_ Critical hit (Destroy). 10146_ Gravmag Array destroyed. 10146_ Slug penetrates Wall. 10149_ Penetrated by Slug. 10149_ Slug penetrates Wall. 10150_ Adv. Targeting Computer destroyed. Map ----- +----------------------------------------------------+ | ?????????????????????????????????????????????????? | | ?????????????????????????????????????????????????? | | ?????????????????????????????????????????????????? | | ?????????????????????????????????????????????????? | | ?????????????????????????????????????????????????? | | ?????????????????????????????????????????????????? | | ?????????????????????????????????????????????????? | | ?????????????????????????????????????????????????? | | ?????????????????????????????????????????????????? | | ?????????????????????????????????????????????????? | | ?????????????????????????????????????????????????? | | ?????????????????????????????????????????????????? | | ?????????????????????????????????????????????????? | | ?????????????????????????????????????????????????? | | ?????????????????????????????????????????????????? | | ?????????????????????????????????????????????????? | | ?????????????????????????????????????????????????? | | ?????????????????????????????????????????????????? | | ?????????????????????????????????????????????????? | | ?????????????????????????????????????????????????? | | ????????????????????????????????????????????##???? | | ????????????????????????????????????????????# #??? | | ??????????????????????????######??????????#### ##? | | ???????????"" ########## ############ ## ## | | ???????????"" x /h ]*%= | | ???????????"" @x !%Y [/ | | ??????????? ########## h########### ]!! ! | | ???????????????????????#####+#####???????## !!!|# | | ???????????????????????# #????????# !=][[ | | ???????????????????????# """""" #????????# /!| | | ???????????????????????# """""" #????????# " " | | ???????????????????????# """""" #????????# " " | | ???????????????????????# #????????# # | | ???????????????????????# #????????######## | | ???????????????????????# ????????????????? | | ???????????????????????# ?????????????????? | | ????????????????????????###" "#??????????????????? | | ????????????????????????????R????????????????????? | | ?????????????????????????????????????????????????? | | ?????????????????????????????????????????????????? | | ?????????????????????????????????????????????????? | | ?????????????????????????????????????????????????? | | ?????????????????????????????????????????????????? | | ?????????????????????????????????????????????????? | | ?????????????????????????????????????????????????? | | ?????????????????????????????????????????????????? | | ?????????????????????????????????????????????????? | | ?????????????????????????????????????????????????? | | ?????????????????????????????????????????????????? | | ?????????????????????????????????????????????????? | +----------------------------------------------------+ Best States ------------- Heat Dissipation 81 Energy Generation 32 Energy Capacity 840 Matter Stores 300 Matter Capacity 300 Sight Range 23 Terrain Scan Density 10 Cloak Strength 3 Armor Coverage 225 Core Shielding 30 Propulsion Shielding 66 Utility Shielding 66 Weapon Shielding 66 Evasion (%) 59 Targeting Accuracy 8 Armor Integrity Analysis 30 Recoil Reduction 2 Offensive Hacking 16 Defensive Hacking 10 Item Schematics ----------------- Lgt. Treads | -8/Materials | Scanalyzed Airjet | -8/Materials | Hacked Combat Drone Bay | -7/Data Miner | Free Lgt. Regenerative Plating | -7/Data Miner | Free Biomechanical Wings | -7/Data Miner | Free Thermal Defense Suite | -7/Data Miner | Free Gui. EMP Blaster | -7/Data Miner | Free Field Propulsion Drive | -7/Data Miner | Free Adv. Salvage Targeting Computer | -7/Data Miner | Free Variable Charge Gun | -7/Data Miner | Free Thunder Leg | -7/Data Miner | Free Robot Schematics ------------------ R-10 Processor | -7/Data Miner | Free G-47 Trooper | -7/Data Miner | Free S-27 Virus | -7/Data Miner | Free H-66 Slayer | -7/Data Miner | Free Fabricated ------------ H-66 Slayer | x2 | -4/Factory Repaired ---------- Nothing Alien Tech Used ----------------- None Achievements -------------- None Challenges ------------ None Game ------ Seed ArcRocketCore Manual? 0 Play Time 02:01:51 Cumulative 363.7 hours Start 2025.10.07 @ 11:48:09 End 2025.10.09 @ 07:13:18 Sessions 20 Manual Loads 0 Difficulty Rogue Special Mode None Game No. 480 Rogue 480 Adventurer 0 Explorer 0 Win Type - Total 11 Types 6/0/1/2/1/0/1/0/0/0 Lore% 87 Gallery% 83 Achievement% 70 Wizard Run 0 Options --------- Layout 0 ASCII 0 Keyboard 0 Movement Mouse Keybinds 0 Fullscreen 1 Font 24/Tamsyn Map View 76x50 Zoom Use 0% Tactical HUD 1 Map Filters NONE Filters NONE Steam 1 RUN: 85ee3796-df3e-4091-b3ed-23c64168d422